 Dungeon Crawl Stone Soup version 0.27-a0-1548-gf8a67e7463 (webtiles) character file.

Game seed: 15742222043061489440

128 Lemonice the Covert (level 5, -2/47 HPs)
             Began as a Gnoll Delver on July 14, 2021.
             Slain by a lemure (6 damage)
             ... led by Pikel
             ... on level 5 of the Dungeon.
             The game lasted 00:01:00 (397 turns).

Lemonice the Covert (Gnoll Delver)                   Turns: 397, Time: 00:01:01

Health: -2/47      AC:  3    Str: 12    XL:     5   Next: 12%
Magic:  7/7        EV: 13    Int:  9    God:
Gold:   25         SH:  0    Dex: 14    Spells: 6/6 levels left

rFire    . . .     SeeInvis .   a - +0 falchion
rCold    . . .     Faith    .   (no shield)
rNeg     . . .     Spirit   .   b - +0 leather armour
rPois    .         Reflect  .   (no helmet)
rElec    .         Harm     .   (no cloak)
rCorr    .         Rampage  .   (no gloves)
Will     .....                  (no boots)
Stlth    ++++......             (no amulet)
HPRegen  0.15/turn              (no ring)
MPRegen  0.10/turn              (no ring)

@: no status effects
A: fangs 1, strong nose, distributed training
a: no special abilities


You were on level 5 of the Dungeon.
You visited 1 branch of the dungeon, and saw 1 of its levels.

You collected 25 gold pieces.

Inventory:

Hand Weapons
 a - a +0 falchion (weapon)
Armour
 b - a +0 leather armour (worn)
Wands
 d - a wand of paralysis (6)
 g - a wand of digging (3)
Scrolls
 c - a scroll of fog
Potions
 e - a potion of magic {unknown}


   Skills:
 + Level 6.6 Fighting
 + Level 1.3 Short Blades
 + Level 4.7 Long Blades
 + Level 1.3 Axes
 + Level 1.3 Maces & Flails
 + Level 1.3 Polearms
 + Level 1.3 Staves
 + Level 1.3 Slings
 + Level 1.3 Bows
 + Level 1.3 Crossbows
 + Level 1.3 Throwing
 + Level 1.3 Armour
 + Level 4.7 Dodging
 + Level 9.6 Stealth
 + Level 1.3 Shields
 + Level 1.3 Unarmed Combat
 + Level 1.3 Spellcasting
 + Level 1.1 Conjurations
 + Level 1.1 Hexes
 + Level 1.1 Summonings
 + Level 1.1 Necromancy
 + Level 1.1 Translocations
 + Level 1.1 Transmutations
 + Level 1.1 Fire Magic
 + Level 1.1 Ice Magic
 + Level 1.1 Air Magic
 + Level 1.1 Earth Magic
 + Level 1.1 Poison Magic
 + Level 1.5 Invocations
 + Level 1.3 Evocations


You had 6 spell levels left.
You didn't know any spells.
Your spell library was empty.

Dungeon Overview and Level Annotations

Branches:
Dungeon (5/15)             Temple (0/1) D:5

Altars:
Cheibriados
Nemelex Xobeh
Okawaru
Qazlal
Wu Jian

Annotations:
D:5 Pikel


Innate Abilities, Weirdness & Mutations

You have very sharp teeth.
Your uncanny sense of smell can sniff out nearby items.
Your experience applies equally to all skills.


Message History

The iguana misses you.
You hit the iguana but do no damage.
The iguana is almost dead.
The iguana barely misses you.
You hit the iguana but do no damage.
The iguana is almost dead.
The iguana misses you. The lemure barely misses you.
You riposte.
You hit the lemure.
The lemure is lightly wounded.
You barely miss the iguana.
The iguana is almost dead.
The iguana bites you but does no damage.
The lemure hits you!
You closely miss the iguana.
The iguana is almost dead.
The iguana barely misses you. The lemure closely misses you.
The lemure hits you. The lemure barely misses you.
You riposte.
You closely miss the lemure. You bite the lemure, but do no damage.
You closely miss the iguana.
The iguana is almost dead.
The iguana closely misses you. The lemure hits you but does no damage.
The lemure hits you! The lemure hits you.
You hit the iguana but do no damage.
The iguana is almost dead.
The iguana completely misses you.
You riposte.
You hit the iguana but do no damage.
The iguana is almost dead.
The lemure barely misses you. The lemure hits you.
* * * LOW HITPOINT WARNING * * *
The lemure hits you!
* * * LOW HITPOINT WARNING * * *
The lemure barely misses you.
You riposte.
You hit the lemure.
The lemure is lightly wounded.
The iguana completely misses you.
You riposte.
You hit the iguana but do no damage.
The iguana is almost dead.
You hit the iguana but do no damage.
The iguana is almost dead.
The lemure closely misses you. The lemure hits you.
You die...

#........# *
#........# *
#........# *
#.....)..# *
#......<.# *
###..##### * #.## *
#########.##
#|l@5......#****
#.555......#,,,*
#..........#,,,*****
#..........#,,,,,,,∆
#............,,*****
#..........#.K,*
#..........#...*
#..........#,..*
*,,,,,,,,,,*****


You could see 4 lemures and an iguana.

Vanquished Creatures
  A howler monkey (D:5)
  A hound (D:5)
  An iguana (D:5)
  An orc wizard (D:5)
  5 orcs (D:5)
9 creatures vanquished.

Notes
Turn   | Place    | Note
-------+----------+-------------------------------------------
     0 | D:5      | Reached skill level 9 in Stealth
     0 | D:5      | Lemonice the Gnoll Delver began the quest for the Orb.
     0 | D:5      | Reached XP level 1. HP: 23/23 MP: 1/1
     4 | D:5      | Found a snail-covered altar of Cheibriados.
     4 | D:5      | Found an iron altar of Okawaru.
     5 | D:5      | Found an ornate altar of the Wu Jian Council.
     5 | D:5      | Found a stormy altar of Qazlal.
     6 | D:5      | Noticed an ogre
    21 | D:5      | Found a sparkling altar of Nemelex Xobeh.
    55 | D:5      | Noticed a howler monkey
    55 | D:5      | Noticed an iguana
    88 | D:5      | Killed an iguana
    89 | D:5      | Reached XP level 2. HP: 29/29 MP: 2/2
    89 | D:5      | Reached XP level 3. HP: 35/35 MP: 3/3
    96 | D:5      | Reached skill level 1 in Short Blades
    96 | D:5      | Reached skill level 1 in Axes
    96 | D:5      | Reached skill level 1 in Maces & Flails
    96 | D:5      | Reached skill level 1 in Polearms
    96 | D:5      | Reached skill level 1 in Staves
    96 | D:5      | Reached skill level 1 in Slings
    96 | D:5      | Reached skill level 1 in Bows
    96 | D:5      | Reached skill level 1 in Crossbows
    96 | D:5      | Reached skill level 1 in Throwing
    96 | D:5      | Reached skill level 1 in Armour
    96 | D:5      | Reached skill level 1 in Shields
    96 | D:5      | Reached skill level 1 in Unarmed Combat
    96 | D:5      | Reached skill level 1 in Spellcasting
    96 | D:5      | Reached skill level 1 in Invocations
    96 | D:5      | Reached skill level 1 in Evocations
    96 | D:5      | Reached XP level 4. HP: 41/41 MP: 3/5
   158 | D:5      | Reached skill level 1 in Conjurations
   158 | D:5      | Reached skill level 1 in Hexes
   158 | D:5      | Reached skill level 1 in Summonings
   158 | D:5      | Reached skill level 1 in Necromancy
   158 | D:5      | Reached skill level 1 in Translocations
   158 | D:5      | Reached skill level 1 in Transmutations
   158 | D:5      | Reached skill level 1 in Fire Magic
   158 | D:5      | Reached skill level 1 in Ice Magic
   158 | D:5      | Reached skill level 1 in Air Magic
   158 | D:5      | Reached skill level 1 in Earth Magic
   158 | D:5      | Reached skill level 1 in Poison Magic
   166 | D:5      | Reached XP level 5. HP: 40/47 MP: 5/7
   382 | D:5      | Noticed Pikel
   383 | D:5      | Noticed a lemure
   383 | D:5      | Noticed a lemure
   383 | D:5      | Noticed a lemure
   388 | D:5      | Noticed a lemure
   397 | D:5      | Slain by a lemure

Illustrated notes

Levels and vault maps discovered:
D:5:      layout_rooms, chequers_temple_overflow_statue_of_worship,
          nemelex_altar_shiori, minmay_temple_entry_wispy, uniq_pikel,
          uniq_edmund

Skill      XL: |  1  2  3  4 |
---------------+-------------+-----
Stealth        | |  9.6
Short Blades   | 1 |  1.3
Axes           | 1 |  1.3
Maces & Flails | 1 |  1.3
Polearms       | 1 |  1.3
Staves         | 1 |  1.3
Slings         | 1 |  1.3
Bows           | 1 |  1.3
Crossbows      | 1 |  1.3
Throwing       | 1 |  1.3
Armour         | 1 |  1.3
Shields        | 1 |  1.3
Unarmed Combat | 1 |  1.3
Spellcasting   | 1 |  1.3
Invocations    | 1 |  1.5
Evocations     | 1 |  1.3
Conjurations   | 1 |  1.1
Hexes          | 1 |  1.1
Summonings     | 1 |  1.1
Necromancy     | 1 |  1.1
Translocations | 1 |  1.1
Transmutations | 1 |  1.1
Fire Magic     | 1 |  1.1
Ice Magic      | 1 |  1.1
Air Magic      | 1 |  1.1
Earth Magic    | 1 |  1.1
Poison Magic   | 1 |  1.1
Fighting       | |  6.6
Long Blades    | |  4.7
Dodging        | |  4.7

Action                   |  1- 3 |  4- 6 || total
-------------------------+-------+-------++-------
Melee: Falchion          |    10 |    43 ||    53
       Bite              |       |     8 ||     8
  Use: Scroll            |     2 |       ||     2
       Potion            |     1 |       ||     1
 Stab: Sleeping          |       |     2 ||     2
Armor: Leather armour    |     2 |     6 ||     8
Dodge: Dodged            |     4 |    31 ||    35
       Rpst.: Falchion   |     2 |     8 ||    10

Table legend: (Time is in decaauts)
 A = Elapsed time spent in this place.
 B = Non-inter-level travel time spent in this place.
 C = Inter-level travel time spent in this place.
 D = Time resting spent in this place.
 E = Time spent auto-exploring this place.
 F = Levels seen in this place.
 G = Mean time per level.
                   A        B        C        D        E       F      G
               +--------+--------+--------+--------+--------+-----+--------+
         Total |    385 |    385 |      0 |      0 |    256 |   1 |  385.0 |
       Dungeon |    385 |    385 |      0 |      0 |    256 |   1 |  385.0 |
               +--------+--------+--------+--------+--------+-----+--------+

Top non-repeatable levels by time:
     D:5: 385 daAuts
